 Dungeon Crawl Stone Soup version 0.20.1-1-g8b1a95d (webtiles) character file.

147 Cqwertzu the Spear-Bearer (level 5, 0/38 HPs)
             Began as a Merfolk Gladiator on Oct 18, 2017.
             Slain by Crazy Yiuf
             ... wielding a +2 quarterstaff of chaos
              (10 damage)
             ... on level 3 of the Dungeon.
             The game lasted 00:03:54 (2637 turns).

Cqwertzu the Spear-Bearer (Merfolk Gladiator)       Turns: 2637, Time: 00:03:55

Health: 0/38       AC:  6    Str: 14    XL:     5   Next: 29%
Magic:  5/5        EV: 14    Int:  7    God:
Gold:   136        SH:  0    Dex: 17    Spells: 4/4 levels left

rFire    . . .     SeeInvis .   a - +0 trident
rCold    . . .     Gourm    .   (no shield)
rNeg     . . .     Faith    .   b - +0 leather armour
rPois    .         Spirit   .   c - +0 helmet
rElec    .         Reflect  .   (no cloak)
rCorr    .         Harm     .   r - +1 pair of gloves
MR       .....                  (no boots)
Stlth    +.........             (no amulet)
Regen    0.2/turn               (no ring)
MPRegen  0.1/turn               (no ring)

@: slowed, very slow
A: change form in water, swift swim, stealthy swim
a: no special abilities


You were on level 3 of the Dungeon.
You were hungry.

You visited 1 branch of the dungeon, and saw 3 of its levels.

You collected 136 gold pieces.

Inventory:

Hand Weapons
 a - a +0 trident (weapon)
Missiles
 d - 3 throwing nets (quivered)
Armour
 b - a +0 leather armour (worn)
 c - a +0 helmet (worn)
 r - a +1 pair of gloves (worn)
Jewellery
 j - a +3 ring of evasion {unknown}
 k - an uncursed ring of wizardry {unknown}
Scrolls
 e - a scroll of enchant armour
 i - a scroll of teleportation {unknown}
 m - a scroll of recharging {unknown}
 p - a scroll of random uselessness {unknown}
 q - a scroll of amnesia
Potions
 g - a potion of heal wounds
 l - a potion of might {unknown}
 o - a potion of lignification {unknown}
Comestibles
 f - 3 bread rations
 h - 3 meat rations
 n - 3 fruits


   Skills:
 - Level 2.1 Fighting
 + Level 8.4 Polearms
 - Level 2.0 Throwing
 - Level 4.0 Dodging


You had 4 spell levels left.
You didn't know any spells.

Dungeon Overview and Level Annotations

Branches:
Dungeon (3/15)

Altars:
Makhleb
Nemelex Xobeh
Okawaru
Uskayaw

Annotations:
D:3 Crazy Yiuf


Message History

You are too injured to fight recklessly!
You are too injured to fight recklessly!
You puncture Crazy Yiuf!
Crazy Yiuf is heavily wounded.
Crazy Yiuf closely misses you.
You barely miss Crazy Yiuf.
Crazy Yiuf is heavily wounded.
You hit Crazy Yiuf but do no damage.
Crazy Yiuf is heavily wounded.
Crazy Yiuf hits you with a quarterstaff of chaos!
* * * LOW HITPOINT WARNING * * *
You feel yourself slow down.
You closely miss Crazy Yiuf.
Crazy Yiuf is heavily wounded.
Crazy Yiuf completely misses you.
You hit Crazy Yiuf.
Crazy Yiuf is heavily wounded.
Crazy Yiuf drinks a potion.
Crazy Yiuf is healed!
Crazy Yiuf hits you with a quarterstaff of chaos!
You die...

#,* #.#.## #####.#
*,* #.#.####...#.#
*,* #..........#.#
*** #######....#.#
#...##.#
#########.##.#
####*###.#....##....#
#...##..#......#.####
#..g@.####.......####
#)..### ##..........
####* ###########


You could see Crazy Yiuf.

Vanquished Creatures
  Jessica (D:3)
  Robin (D:2)
  3 adders
  An ooze (D:1)
  2 worms (D:2)
  3 dart slugs
  A leopard gecko (D:2)
  4 bats
  A giant cockroach (D:1)
  14 goblins
  7 hobgoblins
  4 jackals (D:3)
  7 frilled lizards
  8 kobolds
  10 rats
67 creatures vanquished.

Notes
Turn   | Place    | Note
-------+----------+-------------------------------------------
     0 | D:1      | Cqwertzu the Merfolk Gladiator began the quest for the Orb.
     0 | D:1      | Reached XP level 1. HP: 16/16 MP: 1/1
   145 | D:1      | Reached skill level 5 in Polearms
   157 | D:1      | Reached XP level 2. HP: 13/22 MP: 2/2
   717 | D:1      | Reached skill level 6 in Polearms
   717 | D:1      | Reached XP level 3. HP: 25/27 MP: 3/3
  1159 | D:2      | Noticed Robin
  1192 | D:2      | Reached XP level 4. HP: 27/33 MP: 4/4
  1194 | D:2      | Reached skill level 7 in Polearms
  1557 | D:2      | Killed Robin
  2183 | D:3      | Noticed Jessica
  2192 | D:3      | Killed Jessica
  2192 | D:3      | Reached skill level 8 in Polearms
  2192 | D:3      | Reached XP level 5. HP: 25/38 MP: 5/5
  2329 | D:3      | Found an iron altar of Okawaru.
  2329 | D:3      | Found a hide-covered altar of Uskayaw.
  2329 | D:3      | Found a burning altar of Makhleb.
  2536 | D:3      | Found a sparkling altar of Nemelex Xobeh.
  2576 | D:3      | Found a runed door.
  2630 | D:3      | Noticed Crazy Yiuf
  2637 | D:3      | Slain by Crazy Yiuf

Skill      XL: |  1  2  3  4 |
---------------+-------------+-----
Polearms       | 5 6 8 |  8.4
Fighting       | |  2.1
Throwing       | |  2.0
Dodging        | |  4.0

Action                   |  1- 3 |  4- 6 || total
-------------------------+-------+-------++-------
Melee: Trident           |   127 |   117 ||   244
  Use: Scroll            |       |     5 ||     5
 Stab: Sleeping          |     2 |       ||     2
       Distracted        |       |     1 ||     1
  Eat: Chunk             |     1 |     4 ||     5
Armor: Leather armour    |    23 |    19 ||    42
Dodge: Dodged            |    66 |    72 ||   138
